 Dungeon Crawl Stone Soup version 0.31.0-11-ge490571c62 (webtiles) character file.

Game seed: 1589895113985063160

2384 DahliaIterations the Shooter (level 9, -7/74 HPs)
             Began as a Hill Orc Reaver on Feb 4, 2024.
             Was a Priest of Uskayaw.
             Mangled by a gnoll sergeant
             ... wielding a +0 glaive
              (16 damage)
             ... in a bailey on Feb 5, 2024.
             The game lasted 00:57:02 (7991 turns).

DahliaIterations the Shooter (Hill Orc Reaver)      Turns: 7991, Time: 00:57:03

Health: -7/74      AC: 10    Str: 26    XL:     9   Next: 45%
Magic:  20/20      EV:  9    Int: 13    God:    Uskayaw [***...]
Gold:   632        SH: 12    Dex:  9    Spells: 10/11 levels left

rFire   . . .        T - +11 sling of Duty {drain, rElec Str+4 Stlth+}
rCold   . . .        e - +0 tower shield
rNeg    + + .        x - +0 ring mail of Enitipil {rPois rN+ rCorr Str+3}
rPois   +            B - +2 hat
rElec   +            (no cloak)
rCorr   +            X - +0 pair of gloves
SInv    .            O - +0 pair of boots
Will    .....        (no amulet)
Stlth   ++           l - ring of magical power
HPRegen 0.32/turn    p - ring of positive energy
MPRegen 0.17/turn

%: no passive effects
@: weakened, studying Fighting
A: no striking features
a: Renounce Religion, Stomp, Line Pass


You were in a bailey.
You worshipped Uskayaw.
Uskayaw was noncommittal.
You visited 2 branches of the dungeon, and saw 9 of its levels.
You also visited: Bailey.

You collected 799 gold pieces.
You spent 167 gold pieces at shops.

Inventory:

Hand Weapons
 f - a +0 arbalest
 o - a +4 spear
 t - the +1 dagger of Bicahalu {drain, rCorr Int+2 Stlth-}
   (You found it on level 2 of the Dungeon)

   Int+2:     It affects your intelligence (+2).
   rCorr:     It protects you from acid and corrosion.
   Stlth-:    It makes you less stealthy.
 H - a +2 dagger of freezing
 T - the +11 sling of Duty (weapon) {drain, rElec Str+4 Stlth+}
   (You found it on level 4 of the Dungeon)

   Str+4:     It affects your strength (+4).
   rElec:     It insulates you from electricity.
   Stlth+:    It makes you more stealthy.
Missiles
 v - 31 stones
 A - 7 throwing nets
 K - 16 poisoned darts
Armour
 b - a +2 chain mail of fire resistance
 e - a +0 tower shield (worn)
 h - a scarf of shadows
 w - a +0 robe
 x - the +0 ring mail of Enitipil (worn) {rPois rN+ rCorr Str+3}
   (You found it on level 2 of the Dungeon)

   Str+3:     It affects your strength (+3).
   rPois:     It protects you from poison rN+: It protects you from negative
   energy.
   rCorr:     It protects you from acid and corrosion.
 B - a +2 hat (worn)
 G - a +0 ring mail
 O - a +0 pair of boots (worn)
 P - a +0 ring mail
 Q - a +0 kite shield
 X - a +0 pair of gloves (worn)
Jewellery
 l - a ring of magical power (left hand)
 m - a ring of willpower
 p - a ring of positive energy (right hand)
Talismans
 U - a flux talisman
Wands
 c - a wand of paralysis (10)
 s - a wand of acid (6)
 R - a wand of flame (18)
Scrolls
 d - 2 scrolls of fear
 g - a scroll of silence
 i - a scroll of brand weapon
 j - 3 scrolls of teleportation
 k - 3 scrolls of poison
 q - a scroll of enchant weapon
 r - a scroll of blinking
 y - a scroll of fog
Potions
 a - a potion of cancellation
 n - 3 potions of attraction
 u - 2 potions of enlightenment {unknown}
 z - a potion of mutation
 E - a potion of lignification {unknown}
 I - a potion of invisibility {unknown}
 J - 2 potions of berserk rage
 L - 2 potions of might {unknown}
 V - a potion of resistance {unknown}


   Skills:
 + Level 5.5 Fighting
 + Level 1.3 Long Blades
 + Level 4.5(5.0) Axes
 + Level 2.5(3.5) Polearms
 + Level 7.3 Ranged Weapons
 + Level 4.5 Armour
 + Level 3.4 Dodging
 + Level 1.0 Stealth
 + Level 4.9 Shields
 + Level 1.5 Spellcasting
 + Level 3.2 Conjurations


You had 10 spell levels left.
You knew the following spells:

 Your Spells              Type           Power      Damage    Failure   Level
a - Kiss of Death         Conj/Necr      20%        2d7       67%         1

Your spell library contained the following spells:

 Spells                   Type           Power      Damage    Failure   Level
 Momentum Strike          Conj/Tloc      10%        3d8       82%         2
 Summon Small Mammal      Summ           4%         N/A       88%         1
 Mercury Vapours          Alch/Air       2%         N/A       95%         2
 Sublimation of Blood     Necr           1%         N/A       95%         2
 Hailstorm                Conj/Ice       5%         3d5       96%         3
 Mephitic Cloud           Conj/Alch/Air  3%         N/A       98%         3
 Call Canine Familiar     Summ           1%         N/A       99%         3
 Gell's Gravitas          Tloc           1%         N/A       99%         3
 Teleport Other           Tloc           1%         N/A       99%         3
 Petrify                  Alch/Erth      1%         N/A       100%        4
 Summon Blazeheart Golem  Fire/Summ      1%         N/A       100%        4
 Vhi's Electric Charge    Tloc/Air       2%         N/A       100%        4
 Arcjolt                  Conj/Air       2%         1d12      100%        5
 Freezing Cloud           Conj/Ice/Air   1%         6-21      100%        5
 Irradiate                Conj/Alch      2%         3d12      100%        5
 Dispersal                Tloc           0%         N/A       100%        6
 Plasma Beam              Fire/Air       0%         2x1d10    100%        6


Dungeon Overview and Level Annotations

Branches:
Dungeon (8/15)             Temple (1/1) D:4          Bailey (1/1)
   Lair: D:8-11

Altars:
Ashenzari
Dithmenos
Elyvilon
Fedhas
Gozag
Hepliaklqana
Kikubaaqudgha
Makhleb
Nemelex Xobeh
Okawaru
Qazlal
Ru
Sif Muna
Trog
Uskayaw
Wu Jian
Xom
Yredelemnul
Zin
The Shining One

Shops:
D:5 *:*:


Message History

The gnoll sergeant picks up the pace!
Items here: )) [[.
The gnoll sergeant hits you but does no damage.
There is an open door here.
You shoot a sling bullet. The sling bullet hits the wolf!
You kill the wolf!
The gnoll bouda is no longer moving quickly.
You block the wolf's attack. You block the gnoll sergeant's attack.
The wolf completely misses you. You block the gnoll sergeant's attack.
The wolf bites you.
Things that are here:
a +0 halberd; a +0 chain mail You shoot a sling bullet.
The sling bullet hits the wolf!
You drain the wolf.
You kill the wolf!
The gnoll sergeant is no longer moving quickly.
The gnoll sergeant hits you but does no damage.
The gnoll sergeant barely misses you.
Uskayaw will force your foes to helplessly watch your dance.
Uskayaw prepares the audience for your solo!
Your Stealth skill increases to level 1!
Unknown command.
Fire: T) +11 sling of Duty {drain, rElec Str+4 Stlth+}
Press: ? - help, Q - select action, (/) - cycle Shift-Dir - straight line, f - gnoll bouda
Aim: a gnoll bouda, wielding a +0 spear and wearing a +0 scale mail (paralysed, 98% to hit)
You shoot a sling bullet. The sling bullet hits the gnoll bouda.
The gnoll bouda is lightly wounded.
The gnoll sergeant is no longer paralysed.
The gnoll bouda is no longer paralysed.
The gnoll sergeant is no longer paralysed.
The gnoll bouda is no longer paralysed.
The gnoll bouda is no longer moving quickly.
The gnoll sergeant hits you from afar with a +0 glaive!
* * * LOW HITPOINT WARNING * * *
The gnoll bouda barks out a call to the hunt!
The gnolls pick up the pace!
The gnoll sergeant barely misses you.
The gnoll bouda hits you from afar with a +0 spear.
* * * LOW HITPOINT WARNING * * *
The gnoll sergeant hits you from afar with a +0 glaive!
You die...

♣♣♣♣♣♣♣♣ ♣♣≈≈≈≈≈≈
♣≈≈...#############
♣≈...##.8.......8.###..
♣≈..##............#.#..
♣≈..#.........)...#.#..
♣≈..#....)#####...#.#..
♣≈..#[@).##...##..'.#..
♣≈..##'###.....######..
♣≈...ggg#.....).#...'..
♣≈....g.'...8.).)..)'..
♣≈......#.....))#...'..
♣≈..##'###.....######..
♣≈..#....##...## + #..
♣≈..#.....#####...# #..
♣≈..#.......'g....# #..


You could see 2 gnoll sergeants and 2 gnoll boudas.

Vanquished Creatures
  Grum (Bailey)
  A water moccasin (D:7)
  2 orc warriors (D:7)
  A sky beast (D:8)
  A black bear (D:5)
  A centaur (D:8)
  2 wolves (Bailey)
  2 phantoms (D:5)
  Blork the orc (D:6)
  2 kobold brigands (D:8)
  A bullfrog (D:6)
  4 gnoll sergeants (Bailey)
  A scorpion (D:5)
  6 hounds
  A jelly (D:5)
  A bombardier beetle (D:5)
  An orc priest (D:7)
  4 gnoll boudas (Bailey)
  2 iguanas
  3 orc wizards
  6 adders
  10 gnolls (Bailey)
  A shadow imp (D:8)
  2 white imps (D:6)
  5 ufetubi
  A ribbon worm (D:3)
  3 dart slugs
  13 orcs
  4 endoplasms
  6 giant cockroaches
  2 goblins (D:3)
  9 hobgoblins
  9 jackals
  3 quokkas
  10 ball pythons
  10 bats
  4 frilled lizards
  12 kobolds
  6 rats
154 creatures vanquished.

Vanquished Creatures (others)
  4 orcs (D:7)
4 creatures vanquished.

Grand Total: 158 creatures vanquished

Notes
Turn   | Place    | Note
-------+----------+-------------------------------------------
     0 | D:1      | DahliaIterations the Hill Orc Reaver began the quest for
                  | the Orb.
     0 | D:1      | Reached XP level 1. HP: 18/18 MP: 3/3
   139 | D:1      | Reached XP level 2. HP: 25/25 MP: 4/4
   601 | D:1      | Reached XP level 3. HP: 26/31 MP: 5/5
  1299 | D:2      | Reached skill level 1 in Long Blades
  1299 | D:2      | Reached XP level 4. HP: 31/38 MP: 6/6
  1349 | D:2      | Identified the +1 dagger of Bicahalu {drain, rCorr Int+2
                  | Stlth-}
  1411 | D:2      | Reached skill level 1 in Shields
  1486 | D:2      | Identified the +0 ring mail of Enitipil {rPois rN+ rCorr
                  | Str+3}
  1914 | D:3      | Found a blossoming altar of Fedhas.
  1914 | D:3      | Found an iron altar of Okawaru.
  1914 | D:3      | Found a hide-covered altar of Uskayaw.
  1942 | D:3      | Became a worshipper of Uskayaw the Reveller
  1998 | D:3      | Reached * piety under Uskayaw
  2070 | D:3      | Paralysed by an orc for 2 turns
  2103 | D:3      | Reached ** piety under Uskayaw
  2129 | D:3      | Found a faded altar of an unknown god.
  2309 | D:3      | Reached skill level 1 in Armour
  2309 | D:3      | Reached XP level 5. HP: 41/45 MP: 7/7
  2340 | D:3      | Found a sacrificial altar of Ru.
  2557 | D:3      | Reached skill level 1 in Polearms
  2589 | D:3      | Found a white marble altar of Elyvilon.
  2740 | D:4      | Found a staircase to the Ecumenical Temple.
  2773 | D:4      | Identified the +11 sling of Duty {drain, rElec Str+4
                  | Stlth+}
  3567 | Temple   | Entered the Ecumenical Temple
  3803 | D:5      | Entered Level 5 of the Dungeon
  3825 | D:5      | Found Laidun's General Store.
  3834 | D:5      | Bought a scroll of revelation for 97 gold pieces
  3843 | D:5      | Noticed a phantom
  3850 | D:5      | Killed a phantom
  3850 | D:5      | Reached *** piety under Uskayaw
  3851 | D:5      | Reached skill level 1 in Ranged Weapons
  3851 | D:5      | Reached XP level 6. HP: 51/51 MP: 8/8
  3890 | D:5      | Reached skill level 2 in Ranged Weapons
  3900 | D:5      | Found Dirompeo's Book Shoppe.
  3962 | D:5      | Found Jaokhl Sadips's General Store.
  3963 | D:5      | Found Urghirourph's Book Shop.
  3978 | D:5      | Reached XP level 7. HP: 47/57 MP: 9/9
  4001 | D:5      | Bought a potion of heal wounds for 50 gold pieces
  4001 | D:5      | Bought a scroll of identify for 20 gold pieces
  4049 | D:5      | Reached skill level 3 in Ranged Weapons
  4339 | D:6      | Reached skill level 4 in Ranged Weapons
  4340 | D:6      | Reached **** piety under Uskayaw
  4362 | D:6      | Found an opulent altar of Gozag.
  4561 | D:6      | Noticed Blork the orc
  4572 | D:6      | Killed Blork the orc
  4718 | D:6      | Reached XP level 8. HP: 64/66 MP: 10/10
  5105 | D:7      | Reached skill level 5 in Ranged Weapons
  6190 | D:7      | Found a broken altar of Ashenzari.
  6207 | D:7      | Found a burning altar of Makhleb.
  7207 | D:8      | Found a glowing golden altar of the Shining One.
  7338 | D:8      | Found a flagged portal.
  7353 | D:8      | Reached skill level 6 in Ranged Weapons
  7364 | Bailey   | Entered a bailey
  7380 | Bailey   | Reached XP level 9. HP: 68/73 MP: 11/11
  7407 | Bailey   | Reached skill level 5 in Fighting
  7865 | Bailey   | Reached skill level 7 in Ranged Weapons
  7868 | Bailey   | Noticed Grum
  7873 | Bailey   | Killed Grum
  7991 | Bailey   | Reached skill level 1 in Stealth
  7991 | Bailey   | Mangled by a gnoll sergeant

Illustrated notes

Levels and vault maps discovered:
D:1:      grunt_arrival_crossed_arrows, layout_loops_ring,
          minmay_misc_feat_hallway
D:2:      layout_loops_ring
D:3:      layout_basic, mainiacjoe_overflow_cross_hatched,
          nicolae_ru_sacrificial_ziggurat, gammafunk_temple_overflow_claw,
          shapermc_ecumenical_altar_mp_urbaneastern, st_stairs_9,
          nrook_mini_vaults
D:4:      nicolae_cairo_tiling, layout_basic, hex_large, dk_noncrumbling_2
D:5:      layout_rooms, serial_shops, shop, nicolae_stop_n_shop_2,
          nicolae_shop_advertising_works [nicolae_subvault_shop_adworks], shop
D:6:      layout_gridville, nicolae_gozag_cash_rules_everything_around_me,
          corexii_shack, chequers_serial_rivers_small_b, uniq_blork_the_orc
D:7:      layout_basic, jmf_multi_god_temple2, lemuel_flamethrower_2
D:8:      layout_gridville, overflow_temple_1_default, kennysheep_mini,
          enter_bailey_6
Temple:   bh_familiar_temple
Bailey:   bailey_polearm_gnolls_kennysheep, bailey

Skill      XL: |  1  2  3  4  5  6  7  8  9 |
---------------+----------------------------+-----
Fighting       | 3 4 5 |  5.5
Dodging        | 2 3 |  3.4
Long Blades    | 1 |  1.3
Shields        | 1 2 3 4 |  4.9
Armour         | 1 3 4 |  4.5
Polearms       | 2 |  2.5
Ranged Weapons | 1 2 4 6 7 |  7.3
Stealth        | 1 |  1.0
Axes           | |  4.5
Spellcasting   | |  1.5
Conjurations   | |  3.2

Action                     |  1- 3 |  4- 6 |  7- 9 || total
---------------------------+-------+-------+-------++-------
  Melee: Hand axe          |    90 |       |       ||    90
         Long sword        |    63 |     6 |       ||    69
         Trident           |       |   172 |       ||   172
   Fire: Sling             |       |    42 |   227 ||   269
    Use: Potion            |       |     5 |     3 ||     8
         Scroll            |       |     1 |    10 ||    11
 Armour: Leather armour    |    19 |       |       ||    19
         Ring mail         |   108 |   177 |   189 ||   474
  Dodge: Dodged            |    66 |    75 |    86 ||   227
  Block: Tower shield      |   127 |   161 |   178 ||   466
